 Dungeon Crawl Stone Soup version 0.18.1-48-g4cf74bf (webtiles) character file.

663 sarahorange the Shield-Bearer (level 7, -4/54 HPs)
             Began as a Demonspawn Fighter on Aug 11, 2016.
             Shot with an arrow by a centaur (7 damage)
             ... on level 5 of the Dungeon.
             The game lasted 00:19:01 (5046 turns).

sarahorange the Shield-Bearer (Demonspawn Fighter)  Turns: 5046, Time: 00:19:01

Health: -4/54      AC: -3    Str: 21    XL:     7   Next: 31%
Magic:  0/7        EV:  9    Int: 10    God:
Gold:   98         SH: 10    Dex: 13    Spells: 0 memorised, 6 levels left

rFire  . . .     SeeInvis .     a - +0 rapier
rCold  . . .     Gourm    .     b - +0 scale mail
rNeg   . . .     Faith    .     c - +0 shield
rPois  .         Spirit   +     s - +0 helmet
rElec  .         Dismiss  .     (no cloak)
rCorr  .         Reflect  .     (no gloves)
SustAt .         Harm     .     (no boots)
MR     .....                    (no amulet)
Stlth  ..........               (no ring)
                                e - +4 ring of strength

@: corroded, not resistant to hostile enchantments, extremely unstealthy
A: talons 2, magic shield, magic regeneration
a: no special abilities


You were on level 5 of the Dungeon.
You were not hungry.

You visited 1 branch of the dungeon, and saw 5 of its levels.

You collected 98 gold pieces.

Inventory:

Hand Weapons
 a - a +0 rapier (weapon)
Missiles
 d - a throwing net
 i - 117 stones (quivered)
Armour
 b - a +0 scale mail (worn)
 c - a +0 shield (worn)
 s - a +0 helmet (worn)
Jewellery
 e - a +4 ring of strength (left hand)
 l - an uncursed ring of resist corrosion {unknown}
 t - an uncursed ring of ice {unknown}
Scrolls
 g - a scroll of immolation {unknown}
 h - 2 scrolls of noise {unknown}
 k - a scroll of fear {unknown}
 o - 3 scrolls of identify {unknown}
 p - a scroll of teleportation {unknown}
 r - 4 scrolls of recharging {unknown}
 u - 4 scrolls of remove curse {unknown}
Potions
 j - 2 potions of flight {unknown}
 m - a potion of mutation {unknown}
 q - 3 potions of curing {unknown}
 v - a potion of brilliance {unknown}
 w - a potion of berserk rage {unknown}
 x - a potion of invisibility {unknown}
 A - a potion of agility {unknown}
Comestibles
 f - 2 bread rations
 n - 3 meat rations
 z - a chunk of flesh


   Skills:
 + Level 4.1 Fighting
 + Level 3.5 Short Blades
 + Level 0.6 Throwing
 + Level 4.3 Armour
 + Level 2.7 Dodging
 + Level 4.5 Shields


You had 6 spell levels left.
You didn't know any spells.

Dungeon Overview and Level Annotations

Branches:
Dungeon (5/15)
 Temple: D:4-7

Altars:
Makhleb
Pakellas
Vehumet
Xom
Yredelemnul

Annotations:
D:5 Pikel


Innate Abilities, Weirdness & Mutations

You have razor-sharp toenails.
When hurt, damage is shared between your health and your magic reserves.
You regenerate magic rapidly.


Message History

You don't know any spells.
You block the jelly's attack.
The centaur shouts!
The centaur shoots an arrow.
The arrow hits you!
* * * LOW HITPOINT WARNING * * *
You see here an arrow.
The centaur shoots an arrow.
The arrow barely misses you.
The centaur shoots an arrow.
The arrow hits you.
* * * LOW HITPOINT WARNING * * *
You see here an arrow.
You block the jelly's attack.
The centaur shoots an arrow.
You block the arrow.
The centaur shoots an arrow.
You block the arrow.
You see here an arrow.
You hit the jelly.
Your hands burn!
* * * LOW HITPOINT WARNING * * *
You claw the jelly.
You kill the jelly!
The centaur shoots an arrow.
The arrow hits you!
You die...

######.## ##...#### #.###.#
........######.#########.###.#
#####(......#(.............[..
#...###.#.(##.#.####..###.
##.## #.#.(#....# #..# #. #.
#..(c.c#..# #..###. ..
###.##....# ##..... #.#
#.##.##.# ###.## .# #@......#
#.# .# ####.#### #.# . ....
#.# #.....# #.# #.....# ###.##
#.....# #..... # #.....#
#.###. #. ..#### #.# #.
#..###.# #.###.


You could see a centaur.

Vanquished Creatures
  An ogre (D:5)
  A phantom (D:5)
  A giant frog skeleton (D:4)
  A jelly (D:5)
  3 orc priests
  3 hounds (D:4)
  Jessica (D:2)
  Ijyb (D:1)
  An iguana (D:5)
  An orc wizard (D:4)
  7 adders
  An ooze (D:2)
  2 worms (D:2)
  A dart slug (D:1)
  4 giant geckos
  13 orcs
  5 giant cockroaches
  8 goblins
  6 hobgoblins
  6 jackals
  2 quokkas (D:2)
  A ball python (D:2)
  9 bats
  4 giant newts
  6 kobolds
  4 rats
93 creatures vanquished.

Notes
Turn   | Place    | Note
--------------------------------------------------------------
     0 | D:1      | sarahorange the Demonspawn Fighter began the quest for the Orb.
     0 | D:1      | Reached XP level 1. HP: 18/18 MP: 1/1
   288 | D:1      | Gained mutation: When hurt, damage is shared between your health and your magic reserves. [demonic ancestry]
   288 | D:1      | Reached XP level 2. HP: 23/24 MP: 2/2
   874 | D:2      | Noticed Ijyb
   928 | D:1      | Killed Ijyb
   928 | D:1      | Gained mutation: You have sharp toenails. [demonic ancestry]
   928 | D:1      | Reached XP level 3. HP: 5/29 MP: 3/3
  1426 | D:2      | Gained mutation: You have razor-sharp toenails. [demonic ancestry]
  1426 | D:2      | Reached XP level 4. HP: 33/35 MP: 4/4
  1678 | D:2      | Noticed Jessica
  1981 | D:2      | Killed Jessica
  1981 | D:2      | Reached skill level 1 in Dodging
  2114 | D:2      | Reached XP level 5. HP: 34/41 MP: 5/5
  2282 | D:2      | Found a basalt altar of Yredelemnul.
  2282 | D:2      | Found a shimmering altar of Xom.
  2578 | D:3      | Found an oddly glowing altar of Pakellas.
  3452 | D:4      | Gained mutation: You regenerate magic rapidly. [demonic ancestry]
  3452 | D:4      | Reached XP level 6. HP: 39/48 MP: 4/6
  3998 | D:4      | Found a radiant altar of Vehumet.
  4076 | D:4      | Found a burning altar of Makhleb.
  4259 | D:5      | Entered Level 5 of the Dungeon
  4259 | D:5      | Noticed Pikel
  4259 | D:5      | Noticed a slave
  4259 | D:5      | Noticed a slave
  4259 | D:5      | Noticed a slave
  4715 | D:5      | Reached XP level 7. HP: 40/54 MP: 5/7
  5046 | D:5      | Shot with an arrow by a centaur

Skill      XL: |  1  2  3  4  5  6 |
---------------+-------------------+-----
Armour         | 3 4 |  4.3
Shields        | 3 4 |  4.5
Short Blades   | 2 3 |  3.5
Dodging        | 1 2 |  2.7
Fighting       | 4 |  4.1
Throwing       | |  0.6

Action                   |  1- 3 |  4- 6 |  7- 9 || total
-------------------------+-------+-------+-------++-------
Melee: Rapier            |   127 |   272 |    22 ||   421
       Kick              |     8 |    82 |     9 ||    99
Throw: Stone             |     4 |    16 |     2 ||    22
  Use: Potion            |       |     1 |       ||     1
  Eat: Chunk             |     2 |     9 |     1 ||    12
       Beef jerky        |       |     1 |       ||     1
Armor: Scale mail        |    57 |    90 |       ||   147
Dodge: Dodged            |    29 |    73 |     6 ||   108
Block: Shield            |    69 |   144 |    19 ||   232
